 Dungeon Crawl Stone Soup version 0.23.2-1-ga50397a6bc (webtiles) character file.

Game seed: 1785658700943257612

153 Mrkan the Bolt Thrower (level 5, 0/32 HPs)
             Began as a Kobold Hunter on May 14, 2019.
             Succumbed to an adder's poison
             ... in a sewer.
             The game lasted 00:06:12 (1138 turns).

Mrkan the Bolt Thrower (Kobold Hunter)              Turns: 1138, Time: 00:06:12

Health: 0/32       AC:  3    Str:  9    XL:     5   Next: 61%
Magic:  5/5        EV: 14    Int: 13    God:
Gold:   80         SH:  0    Dex: 16    Spells: 4/4 levels left

rFire    . . .     SeeInvis .   m - +1 short sword (venom)
rCold    . . .     Gourm    .   (shield restricted)
rNeg     . . .     Faith    .   c - +0 leather armour
rPois    .         Spirit   .   (no helmet)
rElec    .         Reflect  .   (no cloak)
rCorr    .         Harm     .   (no gloves)
MR       .....                  (no boots)
Stlth    ++........             (no amulet)
HPRegen  0.10/turn              (no ring)
MPRegen  0.09/turn              (no ring)

@: lethally poisoned (0 -> -6), berserk cooldown, slowed, very slow
A: small, carnivore
a: no special abilities


You were in a sewer.
You were hungry.

You visited 1 branch of the dungeon, and saw 3 of its levels.
You also visited: Sewer.

You collected 80 gold pieces.

Inventory:

Hand Weapons
 a - a +1 hand crossbow
 b - a +0 short sword
 m - a +1 short sword of venom (weapon)
Missiles
 d - 4 bolts
Armour
 c - a +0 leather armour (worn)
Jewellery
 i - a cursed ring of teleportation {unknown}
 p - a +3 ring of dexterity {unknown}
 q - a cursed ring of teleportation {unknown}
Scrolls
 j - 3 scrolls of remove curse {unknown}
 k - a scroll of blinking {unknown}
 n - a scroll of fear {unknown}
 r - a scroll of identify {unknown}
 s - a scroll of teleportation {unknown}
 t - a scroll of enchant weapon {unknown}
Potions
 e - a potion of berserk rage
 g - a potion of haste {unknown}
 h - a potion of lignification {unknown}
 l - 3 potions of curing {unknown}
 o - a potion of mutation {unknown}
Comestibles
 f - 7 rations


   Skills:
 * Level 3.4 Fighting
 + Level 0.1 Short Blades
 * Level 7.2 Crossbows
 - Level 2.4 Dodging
 - Level 1.3 Stealth


You had 4 spell levels left.
You didn't know any spells.
Your spell library was empty.

Dungeon Overview and Level Annotations

Branches:
Dungeon (3/15)

Altars:


Innate Abilities, Weirdness & Mutations

You are small and have problems with some larger weapons.
You are carnivorous and can eat meat at any time.


Message History

The adder is severely wounded.
* * * LOW HITPOINT WARNING * * *
You feel sick.
You kill the adder!
The frilled lizard closely misses you. The adder barely misses you.
* * * LOW HITPOINT WARNING * * *
You feel sick. The frilled lizard closely misses you.
The adder closely misses you.
You see here an adder corpse.
It was a potion of berserk rage.
A red film seems to cover your vision as you go berserk!
You feel yourself moving faster!
You feel mighty! The frilled lizard barely misses you.
The adder barely misses you.
You feel a strong urge to attack something.
* * * LOW HITPOINT WARNING * * *
You feel sick.
You feel your anger nearly subside.
You are no longer berserk.
You are exhausted.
You feel yourself slow down.
You die...

#####
#####...######
.............## #
.......@......##
##
.......#.l.....#
#.
....##+##S.....##
#. ... ##†.....#
#. . #.†...## ##
#≈≈†≈≈≈# #≈
#≈≈≈≈≈≈# #≈
#≈≈≈≈≈≈# #≈
#≈≈≈≈≈≈# #≈


You could see an adder and a frilled lizard.

Vanquished Creatures
  6 adders
  A gnoll (D:1)
  3 river rats (Sewer)
  2 worms (D:2)
  A dart slug (D:1)
  A leopard gecko (D:3)
  6 bats
  3 giant cockroaches
  4 goblins
  3 hobgoblins
  2 jackals (D:2)
  7 kobolds
  A quokka (D:2)
  2 ball pythons (Sewer)
  3 frilled lizards
  18 rats
63 creatures vanquished.

Notes
Turn   | Place    | Note
-------+----------+-------------------------------------------
     0 | D:1      | Mrkan the Kobold Hunter began the quest for the Orb.
     0 | D:1      | Reached XP level 1. HP: 12/12 MP: 1/1
    16 | D:1      | Reached skill level 5 in Crossbows
    45 | D:1      | Reached XP level 2. HP: 17/17 MP: 2/2
   105 | D:1      | Reached XP level 3. HP: 22/22 MP: 3/3
   420 | D:1      | Reached skill level 6 in Crossbows
   567 | D:2      | Reached XP level 4. HP: 27/27 MP: 4/4
   992 | D:3      | Found a glowing drain.
   997 | Sewer    | Entered a sewer
  1013 | Sewer    | Reached XP level 5. HP: 32/32 MP: 5/5
  1098 | Sewer    | Reached skill level 7 in Crossbows
  1134 | Sewer    | HP: 1/32 [poisoned by an adder]
  1138 | Sewer    | Succumbed to an adder's poison

Skill      XL: |  1  2  3  4  5 |
---------------+----------------+-----
Crossbows      | 5 6 7 |  7.2
Fighting       | 3 |  3.4
Short Blades   | |  0.1
Dodging        | |  2.4
Stealth        | |  1.3

Action                   |  1- 3 |  4- 6 || total
-------------------------+-------+-------++-------
Melee: Short sword       |       |    43 ||    43
 Fire: Hand crossbow     |    62 |    45 ||   107
  Use: Potion            |       |     1 ||     1
Armor: Leather armour    |     5 |    22 ||    27
Dodge: Dodged            |    12 |    68 ||    80
